 Dungeon Crawl Stone Soup version 0.26-a0-652-gafc20e3620 (webtiles) character file.

Game seed: 9937907607939032626

12658 looop the Spear-Bearer (level 11, 0/89 HPs)
             Began as a Demonspawn Fighter on Oct 2, 2020.
             Was an Elder of Fedhas.
             Killed from afar by a tengu reaver (19 damage)
             ... with a bolt of lightning
             ... on level 12 of the Dungeon.
             The game lasted 00:24:24 (13315 turns).

looop the Spear-Bearer (Demonspawn Fighter)        Turns: 13315, Time: 00:24:25

Health: 0/89       AC:  8    Str: 19    XL:     11   Next: 65%
Magic:  0/17       EV: 10    Int:  9    God:    Fedhas [****..]
Gold:   732        SH: 11    Dex: 14    Spells: 10/10 levels left

rFire    . . .     SeeInvis .   a - +3 spear (freeze)
rCold    . . .     Faith    .   c - +1 kite shield
rNeg     . . .     Spirit   +   N - +5 scale mail "Ogasiddi" {MR++}
rPois    +         Reflect  .   (helmet restricted)
rElec    .         Harm     .   h - +1 cloak {MR+}
rCorr    .         Rampage  .   J - +0 pair of gloves (curse)
MR       +++..                  (no boots)
Stlth    ..........             O - amulet of magic regeneration
HPRegen  0.24/turn              M - ring of poison resistance
MPRegen  0.55/turn              (no ring)

@: corroded
A: horns 1, demonic guardian 1, magic shield, magic regeneration, magic link,
sharp scales 1
a: Wall of Briars, Grow Ballistomycete, Overgrow, Renounce Religion


You were on level 12 of the Dungeon.
You worshipped Fedhas.
Fedhas was greatly pleased with you.
You visited 2 branches of the dungeon, and saw 13 of its levels.
You also visited: Ossuary.

You collected 810 gold pieces.
You spent 78 gold pieces at shops.

Inventory:

Hand Weapons
 a - a +3 spear of freezing (weapon)
 b - a +1 hunting sling of flaming
 G - a +0 trident
Missiles
 u - 82 sling bullets
Armour
 c - a +1 kite shield (worn)
 h - a +1 cloak of magic resistance (worn)
 J - a cursed +0 pair of gloves (worn)
 N - the +5 scale mail "Ogasiddi" (worn) {MR++}
   (You found it on level 10 of the Dungeon)

   It affects your resistance to hostile enchantments.
Jewellery
 M - a ring of poison resistance (left hand)
 O - an amulet of magic regeneration (around neck)
 S - an uncursed ring of ice {unknown}
Wands
 e - a wand of enslavement (10)
 g - a wand of flame (11)
 m - a wand of polymorph (11)
 r - a wand of acid (1)
 E - a wand of iceblast (19)
 L - a wand of digging (7)
 R - a wand of paralysis (8)
Scrolls
 i - 4 scrolls of enchant armour
 j - 4 scrolls of amnesia
 l - 4 scrolls of remove curse
 q - 2 scrolls of blinking
 t - 2 scrolls of immolation
 w - 3 scrolls of fog
 y - 12 scrolls of identify
 B - 6 scrolls of teleportation
 D - a scroll of magic mapping
 F - 2 scrolls of summoning {unknown}
 H - 2 scrolls of enchant weapon {unknown}
 Q - a scroll of fear
Potions
 d - 2 potions of might
 f - a potion of flight
 k - a potion of berserk rage
 n - a potion of resistance {unknown}
 o - 3 potions of stabbing
 p - a potion of brilliance {unknown}
 s - a potion of magic {unknown}
 v - 2 potions of haste
 x - 4 potions of heal wounds {unknown}
 z - 3 potions of curing
 C - 3 potions of lignification {unknown}
 I - 2 potions of experience {unknown}
 K - 4 potions of ambrosia {unknown}
Miscellaneous
 A - a box of beasts (3/3)
 P - a condenser vane (2/2)


   Skills:
 + Level 9.5 Fighting
 * Level 11.8 Polearms
 + Level 5.1 Armour
 + Level 4.1 Dodging
 + Level 5.1 Shields
 + Level 8.0 Invocations


You had 10 spell levels left.
You didn't know any spells.
Your spell library contained the following spells:

 Spells                   Type           Power        Failure   Level
 Animate Skeleton         Necr           #.....       99%         1
 Apportation              Tloc           #.....       99%         1
 Beastly Appendage        Tmut           #.....       99%         1
 Corona                   Hex            #......      99%         1
 Shock                    Conj/Air       #...         99%         1
 Summon Small Mammal      Summ           #...         99%         1
 Call Imp                 Summ           #.......     99%         2
 Swiftness                Air            #.......     99%         2
 Wereblood                Tmut           #.......     99%         2
 Call Canine Familiar     Summ           #.......     100%        3
 Spider Form              Tmut/Pois      #.........   100%        3
 Static Discharge         Conj/Air       #.......     100%        3
 Summon Guardian Golem    Hex/Summ       #.......     100%        3
 Airstrike                Air            #.........   100%        4
 Ice Form                 Ice/Tmut       #.......     100%        4
 Summon Ice Beast         Ice/Summ       #.......     100%        4
 Summon Lightning Spire   Summ/Air       #.......     100%        4
 Blade Hands              Tmut           #.........   100%        5
 Lightning Bolt           Conj/Air       #.........   100%        5


Dungeon Overview and Level Annotations

Branches:
Dungeon (12/15)            Temple (1/1) D:4            Lair (0/6) D:9
    Orc (0/2) D:10        Ossuary (visited)

Altars:
Ashenzari
Cheibriados
Dithmenos
Elyvilon
Fedhas
Gozag
Hepliaklqana
Kikubaaqudgha
Makhleb
Nemelex Xobeh
Okawaru
Qazlal
Ru
Sif Muna
Trog
Uskayaw
Vehumet
Wu Jian
Xom
Yredelemnul
Zin
The Shining One

Shops:
D:12 ?

Annotations:
D:10 2 runed translucent doors, droidtality's ghost, journeyman DDFi


Innate Abilities, Weirdness & Mutations

You have a pair of small horns on your head.
A weak demonic guardian rushes to your aid.
When hurt, damage is shared between your health and your magic reserves.
You regenerate magic rapidly.
When low on magic, you restore magic in place of health.
You are partially covered in razor-sharp scales. (AC +1, Slay +1)


Message History

The explosion of spores engulfs the troll!
The troll is heavily wounded.
Fedhas protects your plant from harm.
The tengu reaver hits your briar patch with a +2 long sword of protection!!
Your briar patch is destroyed!
Your white imp gestures at the tengu reaver.
The puff of frost hits the tengu reaver!
A briar patch grows up from the ground. x5
The tengu reaver casts a spell.
The tengu reaver conjures a globe of magical energy!
Your white imp hits the tengu reaver.
Your white imp freezes the tengu reaver.
The tengu reaver resists.
Press: ? - help, Dir - move target cursor A ballistomycete grows from the ground.
The tengu reaver casts a spell at you.
The bolt of lightning hits your briar patch!
The bolt of lightning hits you!!
You die...
Fedhas appreciates your contribution to the ecosystem.

#≈≈≈≈≈≈ #.# ######.####....
#≈≈≈≈≈##.#######..............
#≈.......5...##...........###
##...*Q...P..##.(.........#
#......PQP..##...........#
#......°.P..##...........#
#.......T..P##...........#
#.....D...PP#######.######
#......[P.P@## #.# ###
###########)####PP# #.# ##≈≈
...........)# ##.# #.#####≈≈≈
###########.# #.### #.........
# .## ##..# #.###≈≈≈≈≈ # .#
#Q##.# #.#....... # ##
#.##Q.## #.#.#≈≈≈≈≈ # #
#.#.#.##=# #.#.##≈≈≈≈ #
#(#(##.## #.#.###≈≈≈


You could see 2 tengu reavers, an eight-headed hydra, a troll (confused), a
battlesphere, 2 friendly ballistomycetes and a friendly white imp (summoned).

Vanquished Creatures
  A hydra (D:12)
  Urug (D:10)
  4 unseen horrors
  A cyclops (D:12)
  A centaur skeleton (D:10)
  A gargoyle (D:11)
  A troll (D:9)
  3 hippogriffs
  A wyvern (D:12)
  A steam dragon (D:10)
  An acid dragon (D:12)
  Duvessa (D:6)
  An ice beast (D:9)
  A sky beast (D:11)
  7 orc warriors
  7 ogres
  A necrophage (D:6)
  2 phantoms
  2 centaurs (D:5)
  A big kobold (D:11)
  4 bullfrogs
  An elf zombie (Ossuary)
  Dowan (D:6)
  A gnoll sergeant (D:8)
  2 scorpions
  12 killer bees
  5 wights (D:8)
  2 electric eels (D:12)
  6 howler monkeys
  A quasit (D:9)
  A bullfrog zombie (D:11)
  2 bullfrog skeletons
  5 hounds
  A human zombie (Ossuary)
  14 orc priests
  2 jellies
  14 orc wizards
  6 iguanas
  Natasha (twice) (D:3)
  8 worker ants
  5 mummies
  A worker ant zombie (D:11)
  7 gnolls
  12 adders
  4 shadow imps
  5 white imps
  3 ufetubi
  An adder skeleton (D:9)
  2 worms
  2 dart slugs
  4 leopard geckos
  47 orcs
  14 bats
  6 giant cockroaches
  9 goblins
  7 hobgoblins
  12 jackals
  10 kobolds
  2 quokkas
  2 ball pythons (D:3)
  3 frilled lizards
  A goblin zombie (Ossuary)
  A hobgoblin zombie (Ossuary)
  2 jackal skeletons
  2 jackal zombies (Ossuary)
  A kobold zombie (Ossuary)
  A leopard gecko zombie (D:3)
  2 orc zombies (Ossuary)
  8 rats
  A rat zombie (Ossuary)
306 creatures vanquished.

Vanquished Creatures (collateral kills)
  A centaur warrior (D:8)
  Joseph (D:8)
  Psyche (D:8)
  A queen bee (D:9)
  Sigmund (D:2)
  A wraith (D:11)
  An orc warrior (D:8)
  2 ogres
  An elf zombie (Ossuary)
  10 killer bees (D:9)
  2 orc wizards
  2 worker ants
  2 gnolls
  3 adders
  2 ufetubi
  6 orcs
  2 jackals (D:4)
  A kobold (D:2)
  A quokka (D:4)
  A ball python (D:2)
  An orc zombie (Ossuary)
  10 ballistomycete spores
53 creatures vanquished.

Vanquished Creatures (others)
  An ogre (D:7)
  An adder (D:7)
  A ballistomycete spore (D:10)
3 creatures vanquished.

Grand Total: 362 creatures vanquished

Notes
Turn   | Place    | Note
-------+----------+-------------------------------------------
     0 | D:1      | looop the Demonspawn Fighter began the quest for the Orb.
     0 | D:1      | Reached XP level 1. HP: 18/18 MP: 1/1
    83 | D:1      | Reached skill level 2 in Polearms
   156 | D:1      | Gained mutation: A weak demonic guardian rushes to your
                  | aid. [demonic ancestry]
   156 | D:1      | Reached XP level 2. HP: 18/24 MP: 2/2
   711 | D:2      | Reached XP level 3. HP: 29/29 MP: 3/3
   712 | D:2      | Reached skill level 3 in Polearms
   731 | D:2      | Gained mutation: You have a pair of small horns on your
                  | head. [demonic ancestry]
   731 | D:2      | Reached XP level 4. HP: 28/37 MP: 4/4
   833 | D:2      | You fall into a shaft and drop 2 floors!
   886 | D:2      | Found a shimmering altar of Xom.
  1235 | D:2      | Noticed Sigmund
  1259 | D:2      | Killed Sigmund
  1259 | D:2      | Reached skill level 4 in Polearms
  1259 | D:2      | Reached XP level 5. HP: 43/43 MP: 5/5
  1732 | D:2      | Gained mutation: You are partially covered in razor-sharp
                  | scales. (AC +1, Slay +1) [demonic ancestry]
  1732 | D:2      | Reached XP level 6. HP: 44/49 MP: 6/6
  1775 | D:3      | Reached skill level 5 in Polearms
  1893 | D:3      | Noticed Natasha
  1905 | D:3      | Killed Natasha
  1922 | D:3      | Noticed Natasha
  1932 | D:3      | Killed Natasha
  2194 | D:3      | Reached skill level 5 in Fighting
  2642 | D:4      | Gained mutation: When hurt, damage is shared between your
                  | health and your magic reserves. [demonic ancestry]
  2642 | D:4      | Reached XP level 7. HP: 46/56 MP: 7/7
  2788 | D:4      | Reached skill level 6 in Polearms
  3057 | D:4      | Found a staircase to the Ecumenical Temple.
  3080 | Temple   | Entered the Ecumenical Temple
  3342 | Temple   | Became a worshipper of Fedhas Madash
  3643 | D:5      | Entered Level 5 of the Dungeon
  3651 | D:5      | Reached skill level 1 in Invocations
  3836 | D:5      | Found a hide-covered altar of Uskayaw.
  3838 | D:5      | Found a white marble altar of Elyvilon.
  3859 | D:5      | You fall into a shaft and drop 2 floors!
  4006 | D:5      | Reached XP level 8. HP: 13/64 MP: 3/9
  4048 | D:5      | Reached skill level 7 in Polearms
  4049 | D:5      | Found a transporter.
  4119 | D:5      | Found a sand-covered staircase.
  4171 | Ossuary  | Entered an ossuary
  4177 | Ossuary  | Reached * piety under Fedhas
  4795 | D:5      | Found a transporter.
  5445 | D:6      | Reached ** piety under Fedhas
  5445 | D:6      | Reached skill level 8 in Polearms
  5523 | D:6      | Reached skill level 5 in Invocations
  5743 | D:6      | Noticed Duvessa
  5745 | D:6      | Noticed Dowan
  5767 | D:6      | Killed Duvessa
  5767 | D:6      | Gained mutation: You regenerate magic rapidly. [demonic
                  | ancestry]
  5767 | D:6      | Reached XP level 9. HP: 62/72 MP: 10/13
  5772 | D:6      | Killed Dowan
  6590 | D:7      | Reached skill level 9 in Polearms
  6953 | D:8      | Noticed a centaur warrior
  6963 | D:8      | Killed a centaur warrior
  7362 | D:8      | HP: 2/74 [wight/+3 spear of freezing (2)]
  7366 | D:8      | Reached skill level 10 in Polearms
  7746 | D:8      | Noticed Joseph
  7769 | D:8      | Killed Joseph
  8083 | D:8      | Reached XP level 10. HP: 79/81 MP: 12/14
  8254 | D:8      | Noticed Psyche
  8264 | D:8      | Killed Psyche
  8697 | D:9      | Reached skill level 1 in Dodging
  8751 | D:9      | Reached *** piety under Fedhas
  8784 | D:9      | Found an ornate altar of the Wu Jian Council.
  8785 | D:9      | Found a hazy altar of Hepliaklqana.
  9267 | D:9      | Killed an unseen horror
  9267 | D:9      | Reached skill level 11 in Polearms
  9357 | D:9      | Found a staircase to the Lair.
  9647 | D:10     | Entered Level 10 of the Dungeon
  9722 | D:10     | Noticed Urug
  9743 | D:10     | Killed Urug
 10162 | D:10     | Reached **** piety under Fedhas
 10283 | D:10     | Gained mutation: When low on magic, you restore magic in
                  | place of health. [demonic ancestry]
 10283 | D:10     | Reached XP level 11. HP: 89/89 MP: 16/16
 10300 | D:10     | Got a glimmering scale mail
 10311 | D:10     | Identified the +5 scale mail "Ogasiddi" {MR++} (You found
                  | it on level 10 of the Dungeon)
 10376 | D:10     | Found a runed translucent door.
 10378 | D:10     | Noticed a skeletal warrior
 10378 | D:10     | Noticed a lich
 10379 | D:10     | Noticed a wolf spider
 10379 | D:10     | Noticed droidtality's ghost (journeyman DDFi)
 10379 | D:10     | Noticed a yaktaur captain
 10381 | D:10     | Noticed a necromancer
 10384 | D:10     | Found a runed translucent door.
 10662 | D:10     | Found a staircase to the Orcish Mines.
 10986 | D:10     | Killed an unseen horror
 11805 | D:12     | Noticed a five-headed hydra
 11824 | D:12     | Killed a five-headed hydra
 12480 | D:12     | Found Izitobum's Magic Scroll Shoppe.
 12485 | D:12     | Bought a scroll of teleportation for 36 gold pieces
 12485 | D:12     | Bought a scroll of fear for 42 gold pieces
 13046 | D:12     | Killed an unseen horror
 13046 | D:12     | Reached skill level 5 in Shields
 13055 | D:12     | Killed an unseen horror
 13055 | D:12     | Reached skill level 5 in Armour
 13281 | D:12     | Noticed a deep troll earth mage
 13281 | D:12     | Noticed a tengu reaver
 13283 | D:12     | Noticed a tengu reaver
 13308 | D:12     | Noticed an eight-headed hydra
 13315 | D:12     | Killed from afar by a tengu reaver

Illustrated notes

Levels and vault maps discovered:
D:1:      lightli_arrival_isolated_outpost, layout_loops_cross, minmay_3d_cube
D:2:      layout_rooms, brannock_xom_greatest_gift, uniq_sigmund
D:3:      layout_loops_ring, minmay_starry_boxes, uniq_natasha
D:4:      layout_rooms, minmay_temple_entry_tees
D:5:      gammafunk_wand_slinger, layout_cave_pods,
          chequers_temple_overflow_statue_of_worship, gup_ossuary_entry_pyramid
D:6:      layout_cave_pools, serial_column_ruins, column_ruins_hut_pillars,
          column_ruins_columns_straight, column_ruins_open_large,
          column_ruins_open_medium_water, column_ruins_open_tiny,
          column_ruins_columns_corner, column_ruins_columns_straight,
          uniq_duvessa
D:7:      layout_basic, lemuel_flame_loot_1
D:8:      layout_loops_ring, uniq_joseph, uniq_psyche
D:9:      layout_loops_ring, grunt_temple_overflow_open, lair_entry_dummy,
          special_room [special_room_bee]
D:10:     layout_long_grid, david_orc_4, muffindrake_ghost_dual_entry, uniq_urug
D:11:     layout_rooms
D:12:     minmay_glassy_protrusions, layout_basic, serial_shops, shop_statue,
          minmay_holes, chequers_serial_rivers_small_a, lemuel_nasty_fountain
Temple:   hc_temple_tempest_star

Skill      XL: |  1  2  3  4  5  6  7  8  9 10 11 |
---------------+----------------------------------+-----
Polearms       | 2 3 4 5 6 8 10 11 | 11.8
Fighting       | 4 5 7 8 9 |  9.5
Invocations    | 2 5 6 8 |  8.0
Armour         | 4 5 |  5.1
Shields        | 4 5 |  5.1
Dodging        | 3 4 |  4.1

Action                   |  1- 3 |  4- 6 |  7- 9 | 10-12 || total
-------------------------+-------+-------+-------+-------++-------
Melee: Trident           |    30 |   151 |   382 |       ||   563
       Headbutt          |       |    22 |    79 |    83 ||   184
       Spear             |       |       |    10 |   548 ||   558
 Fire: Hunting sling     |    63 |    41 |    73 |    13 ||   190
Invok: Wall of Briars    |       |       |     2 |     6 ||     8
       Grow Ballistomyce |       |       |       |     3 ||     3
Evoke: Wand              |       |       |     1 |     9 ||    10
  Use: Scroll            |       |       |    16 |     1 ||    17
       Potion            |       |       |     6 |     1 ||     7
 Stab: Distracted        |       |       |     2 |     2 ||     4
Armor: Scale mail        |    20 |    53 |    56 |    99 ||   228
       Chain mail        |       |       |    50 |    57 ||   107
Dodge: Dodged            |    13 |    40 |    61 |    55 ||   169
Block: Kite shield       |    19 |    57 |   150 |   125 ||   351

Table legend: (Time is in decaauts)
 A = Elapsed time spent in this place.
 B = Non-inter-level travel time spent in this place.
 C = Inter-level travel time spent in this place.
 D = Time resting spent in this place.
 E = Time spent auto-exploring this place.
 F = Levels seen in this place.
 G = Mean time per level.
                   A        B        C        D        E       F      G
               +--------+--------+--------+--------+--------+-----+--------+
         Total |  13164 |  12741 |    423 |   1459 |   8769 |  14 |  940.3 |
       Dungeon |  12447 |  12065 |    382 |   1287 |   8386 |  12 | 1037.2 |
        Temple |    275 |    235 |     40 |      0 |    227 |   1 |  275.0 |
       Ossuary |    441 |    441 |      0 |    172 |    156 |   1 |  441.0 |
               +--------+--------+--------+--------+--------+-----+--------+

Top non-repeatable levels by time:
     D:8: 1686 daAuts
    D:12: 1475 daAuts
    D:10: 1453 daAuts
     D:5: 1134 daAuts
     D:2: 1019 daAuts
     D:9: 969 daAuts
     D:6: 918 daAuts
     D:3: 911 daAuts
     D:4: 807 daAuts
     D:7: 800 daAuts
     D:1: 699 daAuts
    D:11: 571 daAuts
 Ossuary: 441 daAuts
  Temple: 275 daAuts
